 Dungeon Crawl Stone Soup version 0.31-a0-232-gb1c03b2570 (webtiles) character file.

Game seed: 6438940181904294166

143 qw the Shooter (level 5, -1/30 HPs)
             Began as a Gargoyle Hexslinger on July 7, 2023.
             Slain by a black bear (5 damage)
             ... on level 4 of the Dungeon.
             The game lasted 00:01:16 (2550 turns).

qw the Shooter (Gargoyle Hexslinger)                Turns: 2550, Time: 00:01:16

Health: -1/30      AC: 15    Str:  9 (11) XL:     5   Next: 25%
Magic:  6/6        EV: 15    Int: 11 (14) God:
Gold:   240        SH:  0    Dex: 13 (14) Spells: 5/6 levels left

rFire   . . .        Y - +1 sling
rCold   + . .        (no shield)
rNeg    + . .        k - +0 ring mail
rPois   inf          d - +1 helmet
rElec   +            (no cloak)
rCorr   .            l - +3 pair of gloves of Xeorov {SInv}
SInv    +            (no boots)
Will    .....        (no amulet)
Stlth   +            j - +5 ring of evasion
HPRegen 0.25/turn    a - ring of protection from cold
MPRegen 0.10/turn

%: no passive effects
@: no status effects
A: sickness immunity, AC +4, negative energy resistance 1, electricity
resistance, torment resistance 1, petrification resistance
a: no special abilities


You were on level 4 of the Dungeon.
You visited 1 branch of the dungeon, and saw 4 of its levels.

You collected 240 gold pieces.


Innate Abilities, Weirdness & Mutations

You are immune to sickness and miasma.
Your stone body is resilient. (AC +4)
You are immune to poison.
You resist negative energy. (rN+)
You are resistant to electric shocks. (rElec)
You are resistant to unholy torment.
You are immune to petrification.


   Skills:
 - Level 2.0 Fighting
 + Level 4.8 Ranged Weapons
 - Level 1.1 Armour
 - Level 1.5 Dodging
 - Level 1.0 Spellcasting
 - Level 2.6 Hexes


You had 5 spell levels left.
You knew the following spells:

 Your Spells              Type           Power      Damage    Failure   Level
a - Slow                  Hex            24%        N/A       30%         1

Your spell library contained the following spells:

 Spells                   Type           Power      Damage    Failure   Level
 Inner Flame              Hex/Fire       3%         N/A       83%         3
 Portal Projectile        Hex/Tloc       6%         N/A       83%         3
 Cause Fear               Hex            3%         N/A       96%         4

Inventory:

Hand Weapons
 Y - a +1 sling (weapon)
Armour
 d - a +1 helmet (worn)
 k - a +0 ring mail (worn)
 l - the +3 pair of gloves of Xeorov (worn) {SInv}
   (You found it on level 3 of the Dungeon)

   SInv:      It lets you see invisible.
Jewellery
 a - a ring of protection from cold (right hand)
 i - a ring of willpower
 j - a +5 ring of evasion (left hand)
Scrolls
 e - 2 scrolls of identify
Potions
 b - a potion of attraction {unknown}
 c - a potion of curing
 f - a potion of magic {unknown}
 h - a potion of brilliance {unknown}
 n - a potion of heal wounds
 p - a potion of enlightenment {unknown}

Dungeon Overview and Level Annotations

Branches:
Dungeon (4/15)
 Temple: D:4-7

Altars:
Dithmenos
Makhleb
Uskayaw
Vehumet
Xom
Zin


Message History

The hobgoblin completely misses you. The black bear barely misses you.
The black bear completely misses you.
The black bear claws you but does no damage.
You shoot a sling bullet.
The sling bullet completely misses the black bear.
The sling bullet barely misses the iguana.
The black bear bites you.
The black bear claws you but does no damage.
The black bear barely misses you. The hobgoblin closely misses you.
The black bear completely misses you. The black bear misses you.
The black bear completely misses you. The hobgoblin completely misses you.
You shoot a sling bullet.
The sling bullet hits the black bear but does no damage.
The black bear is severely wounded.
The black bear closely misses you. The black bear barely misses you.
The black bear claws you but does no damage.
The black bear bites you but does no damage.
The black bear claws you but does no damage. x2
The hobgoblin barely misses you.
You shoot a sling bullet.
The sling bullet closely misses the black bear.
The sling bullet hits the iguana but does no damage.
The black bear bites you! The black bear misses you.
The black bear claws you but does no damage.
The hobgoblin closely misses you.
The black bear bites you but does no damage.
The black bear claws you. The black bear barely misses you.
The hobgoblin completely misses you.
You shoot a sling bullet.
The sling bullet completely misses the black bear.
The sling bullet barely misses the iguana.
The black bear completely misses you. The black bear claws you.
The black bear misses you. The black bear barely misses you.
The black bear completely misses you. The black bear closely misses you.
The hobgoblin hits you but does no damage.
You shoot a sling bullet.
The sling bullet hits the black bear but does no damage.
The black bear is severely wounded.
The black bear bites you. The black bear claws you.
You die...

.....#####.######
.... .###.#
##.......##...#
.###.###.###.##.....
...#.##.## ##.#..#..
........# #....#
.#.#.##.# #.#.## #
.#.#.###.# #.##.# .#
##.#.# #...#
#.##..##.. #.....
..# #.@hl..)..
......
##.......g.#.##.
#...#. #######.###
.# .# #.# #.# #.#
#.# #.#


You could see a black bear (berserk), an iguana and a hobgoblin.

Vanquished Creatures
  A crimson imp (D:3)
  4 adders (D:3)
  2 dart slugs (D:2)
  4 ball pythons
  4 endoplasms (D:2)
  A giant cockroach (D:3)
  10 goblins
  8 hobgoblins
  4 jackals (D:2)
  3 quokkas
  6 bats
  2 frilled lizards
  10 kobolds
  4 rats
63 creatures vanquished.

Notes
Turn   | Place    | Note
-------+----------+-------------------------------------------
     0 | D:1      | qw the Gargoyle Hexslinger began the quest for the Orb.
     0 | D:1      | Reached XP level 1. HP: 12/12 MP: 2/2
     0 | D:1      | 0 ||| qw: Version: 0.3-a-46-gb1f654a
     0 | D:1      | 0 ||| qw: Game counter: 2216
     0 | D:1      | 0 ||| qw: Melee chars always use a shield: true
     0 | D:1      | 0 ||| qw: God list: Okawaru
     0 | D:1      | 0 ||| qw: Allow faded altars: false
     0 | D:1      | 0 ||| qw: Do Orc after clearing Dungeon:15 true
     0 | D:1      | 0 ||| qw: Do second Lair branch before Depths: true
     0 | D:1      | 0 ||| qw: Lair rune preference: random
     0 | D:1      | 0 ||| qw: Goals: Normal
     0 | D:1      | 0 ||| PLANNING D:1-11
   185 | D:1      | Reached XP level 2. HP: 16/16 MP: 3/3
   602 | D:1      | 602 ||| UPGRADING to +0 leather armour.
   618 | D:1      | Reached skill level 3 in Ranged Weapons
   619 | D:1      | 619 ||| DROPPING +0 robe.
   759 | D:1      | 759 ||| UPGRADING to ring of willpower.
   760 | D:1      | 760 ||| READING scroll labelled SEMASI SIDUINOKH.
   861 | D:1      | 861 ||| READING 2 scrolls labelled EHUYPYCUNGA.
   862 | D:1      | 862 ||| READING scroll labelled OGAHOD ERREXYO.
   863 | D:1      | 863 ||| DROPPING scroll of poison.
   995 | D:2      | Reached XP level 3. HP: 8/21 MP: 4/4
  1005 | D:2      | 1005 ||| FLEEEEING.
  1009 | D:2      | 1009 ||| FLEEEEING.
  1013 | D:2      | 1013 ||| FLEEEEING.
  1014 | D:2      | 1014 ||| FLEEEEING.
  1015 | D:2      | 1015 ||| FLEEEEING.
  1016 | D:2      | 1016 ||| FLEEEEING.
  1017 | D:2      | 1017 ||| FLEEEEING.
  1018 | D:2      | 1018 ||| FLEEEEING.
  1019 | D:2      | 1019 ||| FLEEEEING.
  1024 | D:2      | 1024 ||| FLEEEEING.
  1025 | D:2      | 1025 ||| FLEEEEING.
  1026 | D:2      | 1026 ||| FLEEEEING.
  1027 | D:2      | 1027 ||| FLEEEEING.
  1032 | D:2      | 1032 ||| FLEEEEING.
  1033 | D:2      | 1033 ||| FLEEEEING.
  1034 | D:2      | 1034 ||| FLEEEEING.
  1035 | D:2      | 1035 ||| FLEEEEING.
  1036 | D:2      | 1036 ||| FLEEEEING.
  1037 | D:2      | 1037 ||| FLEEEEING.
  1038 | D:2      | 1038 ||| FLEEEEING.
  1039 | D:2      | 1039 ||| FLEEEEING.
  1043 | D:2      | 1043 ||| FLEEEEING.
  1044 | D:2      | 1044 ||| FLEEEEING.
  1045 | D:2      | 1045 ||| FLEEEEING.
  1046 | D:2      | 1046 ||| FLEEEEING.
  1047 | D:2      | 1047 ||| FLEEEEING.
  1048 | D:2      | 1048 ||| FLEEEEING.
  1049 | D:2      | 1049 ||| FLEEEEING.
  1050 | D:2      | 1050 ||| FLEEEEING.
  1051 | D:2      | 1051 ||| FLEEEEING.
  1052 | D:2      | 1052 ||| FLEEEEING.
  1282 | D:2      | Found a shimmering altar of Xom.
  1620 | D:2      | 1620 ||| UPGRADING to +0 helmet.
  1625 | D:2      | 1625 ||| UPGRADING to +0 ring mail.
  1635 | D:2      | 1635 ||| DROPPING +0 leather armour.
  1636 | D:2      | 1636 ||| READING scroll of enchant armour.
  1636 | D:2      | 1636 ||| ENCHANTING +0 helmet.
  1637 | D:2      | 1637 ||| UPGRADING to ring of protection from cold.
  1638 | D:2      | 1638 ||| UPGRADING to +5 ring of evasion.
  1640 | D:2      | 1640 ||| READING scroll labelled TAEHIQOCH.
  1644 | D:2      | 1644 ||| DRINKING 2 viscous cyan potions.
  1746 | D:3      | Reached skill level 1 in Armour
  1749 | D:3      | Reached XP level 4. HP: 26/26 MP: 5/5
  1813 | D:3      | Identified the +3 pair of gloves of Xeorov {SInv}
  1820 | D:3      | Found a shadowy altar of Dithmenos.
  1898 | D:3      | Found a hide-covered altar of Uskayaw.
  1972 | D:3      | Found a glowing silver altar of Zin.
  2181 | D:3      | Reached skill level 4 in Ranged Weapons
  2370 | D:3      | Found a burning altar of Makhleb.
  2371 | D:3      | Found a radiant altar of Vehumet.
  2393 | D:3      | 2393 ||| UPGRADING to +3 pair of gloves of Xeorov {SInv}.
  2419 | D:3      | Reached XP level 5. HP: 30/30 MP: 6/6
  2419 | D:3      | 2419 ||| READING 2 scrolls labelled PURAOM SOPAZAMP.
  2420 | D:3      | 2420 ||| READING 4 scrolls labelled WYOPNE DUTZ.
  2421 | D:3      | 2421 ||| READING scroll labelled YLUPYT UNYNI.
  2422 | D:3      | 2422 ||| DRINKING 2 metallic red potions.
  2423 | D:3      | 2423 ||| DRINKING 2 green potions.
  2424 | D:3      | 2424 ||| DROPPING scroll of noise.
  2425 | D:3      | 2425 ||| DROPPING 3 scrolls of blinking.
  2426 | D:3      | 2426 ||| DROPPING potion of degeneration.
  2532 | D:4      | Noticed a black bear
  2550 | D:4      | HP: 4/30 [black bear (5)]
  2550 | D:4      | Slain by a black bear

Levels and vault maps discovered:
D:1:      nzn_arrival_crosshair, layout_loops_ring, kennysheep_minor_cross,
          chequers_serial_rivers_small_3
D:2:      layout_loops_ring, basic_altar
D:3:      layout_basic, grunt_temple_overflow_lords_of_destruction,
          amcnicky_altar_gilded, nicolae_overflow_crystal_walls,
          nicolae_uskayaw_dance_hall, minmay_between
D:4:      layout_loops_ring, mainiacjoe_overflow_surrounded_room,
          kennysheep_little_box

Skill      XL: |  1  2  3  4 |
---------------+-------------+-----
Ranged Weapons | 3 4 |  4.8
Fighting       | 2 |  2.0
Armour         | 1 |  1.1
Dodging        | |  1.5
Spellcasting   | |  1.0
Hexes          | |  2.6

Action                     |  1- 3 |  4- 6 || total
---------------------------+-------+-------++-------
   Fire: Sling             |   125 |   164 ||   289
    Use: Scroll            |     5 |     3 ||     8
         Potion            |     1 |     2 ||     3
 Armour: Robe              |     6 |       ||     6
         Leather armour    |    25 |       ||    25
         Skin              |     2 |       ||     2
         Ring mail         |     4 |    86 ||    90
  Dodge: Dodged            |    69 |   161 ||   230

Table legend:
 A = Non-vault XP
 B = Vault XP
 C = Vault XP percentage of total XP
 D = Non-vault monster count
 E = Vault monster count
 F = Vault count percentage of total count
                 A         B        C        D         E       F
            +---------+---------+-------+---------+---------+-------
      Total |     124 |      81 |  39.5 |      58 |       5 |   7.9
            +---------+---------+-------+---------+---------+-------
        D:1 |      19 |       0 |   0.0 |      11 |       0 |   0.0
        D:2 |      45 |       0 |   0.0 |      24 |       0 |   0.0
        D:3 |      54 |      81 |  60.0 |      19 |       5 |  20.8
        D:4 |       6 |       0 |   0.0 |       4 |       0 |   0.0
            +---------+---------+-------+---------+---------+-------
